 Dungeon Crawl Stone Soup version 0.30-a0-595-g91969c0fa5 (webtiles) character file.

Game seed: 17480225157493197884

33253 Leeroy the Grappler (level 13, -1/117 HPs)
             Began as a Pale Draconian Transmuter on Jan 6, 2023.
             Was a High Priest of Wu Jian.
             Slain by a molten gargoyle
             ... wielding a +0 mace
              (6 damage)
             ... in a volcano.
             The game lasted 00:34:03 (18088 turns).

Leeroy the Grappler (Pale Draconian Transmuter)    Turns: 18088, Time: 00:34:04

Health: -1/117     AC:  9    Str: 14    XL:     13   Next: 35%
Magic:  16/16      EV: 16    Int: 17    God:    Wu Jian [*****.]
Gold:   667        SH:  0    Dex: 12    Spells: 5/16 levels left

rFire   + . .      SeeInvis .      - Unarmed
rCold   x . .      Faith    .    (no shield)
rNeg    . . .      Spirit   .    (body armour unavailable)
rPois   .          Reflect  .    (helmet restricted)
rElec   .          Harm     .    g - scarf {repulsion}
rCorr   .          Rampage  .    (no gloves)
Will    .....                    l - +0 pair of boots
Stlth   +                        C - amulet of the acrobat
HPRegen 0.39/turn                y - ring of fire
MPRegen 0.15/turn                (no ring)

@: hasted, repel missiles, very quick
A: breathe steam, AC +8, unfitting armour, cold-blooded, steam resistance
a: Breathe Steam, Renounce Religion, Wall Jump, Serpent's Lash, Heavenly Storm


You were in a volcano.
You worshipped Wu Jian.
Wu Jian was extremely pleased with you.
You visited 3 branches of the dungeon, and saw 15 of its levels.
You also visited: Volcano.

You collected 882 gold pieces.
You spent 215 gold pieces at shops.

Inventory:

Hand Weapons
 d - a +5 scimitar
 z - a +1 short sword of freezing
 D - a +1 dagger of speed
 H - a +4 great sword
Missiles
 e - 24 poisoned darts
 N - 2 throwing nets
Armour
 g - a scarf of repulsion (worn)
 l - a +0 pair of boots (worn)
Jewellery
 y - a ring of fire (left hand)
 C - an amulet of the acrobat (around neck)
 E - an amulet of faith
 P - an amulet of magic regeneration
 Q - a ring of protection from cold
 R - an amulet of reflection
Wands
 w - a wand of digging (7)
 A - a wand of quicksilver (18) (quivered)
 I - a wand of flame (32)
 K - a wand of paralysis (6)
 M - a wand of roots (2)
 S - a wand of mindburst (8)
Scrolls
 h - 2 scrolls of fear
 i - 3 scrolls of noise
 m - 3 scrolls of enchant armour
 n - 3 scrolls of poison
 o - 9 scrolls of teleportation
 q - a scroll of brand weapon
 s - 3 scrolls of enchant weapon
 t - a scroll of torment
 x - a scroll of amnesia
 F - a scroll of immolation
 J - a scroll of silence
 O - a scroll of blinking
 T - a scroll of vulnerability
Potions
 a - a potion of lignification
 b - 2 potions of might {unknown}
 c - 4 potions of magic
 f - 2 potions of attraction {unknown}
 j - 3 potions of degeneration {unknown}
 p - 3 potions of brilliance {unknown}
 r - 3 potions of cancellation {unknown}
 u - 2 potions of mutation {unknown}
 v - 3 potions of ambrosia {unknown}
 G - 2 potions of curing
 L - a potion of berserk rage


   Skills:
 + Level 11.7 Fighting
 - Level 11.1 Dodging
 - Level 14.0 Unarmed Combat
 - Level 2.0 Spellcasting
 - Level 10.3 Transmutations
 - Level 0.3 Poison Magic


You had 5 spell levels left.
You knew the following spells:

 Your Spells              Type           Power      Damage    Failure   Level
a - Beastly Appendage     Tmut           72%        N/A       1%          1
b - Spider Form           Tmut/Pois      19%        N/A       6%          3
c - Ice Form              Ice/Tmut       19%        N/A       22%         4
d - Wereblood             Tmut           36%        N/A       1%          2
e - Apportation           Tloc           2%         N/A       19%         1

Your spell library contained the following spells:

 Spells                   Type           Power      Damage    Failure   Level
 Static Discharge         Conj/Air       2%         2-3/arc   28%         2
 Sublimation of Blood     Necr           1%         N/A       28%         2
 Gell's Gravitas          Tloc           1%         N/A       50%         3
 Hailstorm                Conj/Ice       1%         3d3       50%         3
 Teleport Other           Tloc           1%         N/A       50%         3
 Vhi's Electric Charge    Tloc/Air       2%         N/A       50%         3
 Alistair's Intoxication  Tmut/Pois      12%        N/A       52%         5
 Airstrike                Air            0%         2d(1-17)  88%         4
 Anguish                  Hex/Necr       0%         N/A       88%         4
 Summon Lightning Spire   Summ/Air       1%         N/A       88%         4
 Arcjolt                  Conj/Air       0%         1d10      99%         5
 Lightning Bolt           Conj/Air       0%         1d11      99%         5
 Conjure Ball Lightning   Conj/Air       0%         3x3d6     100%        6
 Dispersal                Tloc           0%         N/A       100%        6
 Simulacrum               Ice/Necr       0%         N/A       100%        6
 Enfeeble                 Hex            0%         N/A       100%        7
 Summon Hydra             Summ           0%         N/A       100%        7
 Discord                  Hex            0%         N/A       100%        8
 Disjunction              Tloc           0%         N/A       100%        8
 Chain Lightning          Conj/Air       0%         2d1       100%        9
 Fire Storm               Conj/Fire      1%         7d1       100%        9
 Shatter                  Erth           0%         3d5*      100%        9


Dungeon Overview and Level Annotations

Branches:
Dungeon (10/15)            Temple (1/1) D:4            Lair (4/5) D:10
 Shoals (0/4) Lair:2        Snake (0/4) Lair:3          Orc (0/2) D:9
Volcano (1/1)
  Slime: Lair:4-5

Altars:
Ashenzari
Cheibriados
Dithmenos
Elyvilon
Fedhas
Gozag
Hepliaklqana
Kikubaaqudgha
Makhleb
Nemelex Xobeh
Okawaru
Qazlal
Ru
Sif Muna
Trog
Uskayaw
Vehumet
Wu Jian
Xom
Yredelemnul
Zin
The Shining One

Shops:
D:3 ?*?**

Annotations:
D:5 3 runed translucent doors, heinrich's ghost, novice VSBr
D:10 2 transporters, Cis's ghost, novice MiBe
Lair:2 Gastronok


Innate Abilities, Weirdness & Mutations

You can breathe blasts of scalding, opaque steam.
Your pale cyan-grey scales are hard. (AC +8)
You cannot fit into any form of body armour.
You are cold-blooded and may be slowed by cold attacks.
You are immune to the effects of steam.


Message History

The molten gargoyle is lightly damaged.
You have got your breath back.
A fire crab comes into view.
The molten gargoyle blasts magma at you!
The bolt of magma hits you! You partially resist.
* * * LOW HITPOINT WARNING * * *
You hit the molten gargoyle but do no damage.
The molten gargoyle is lightly damaged.
You spin and attack the molten gargoyle repeatedly.
You hit the molten gargoyle but do no damage.
You tail-slap the molten gargoyle, but do no damage.
The molten gargoyle is lightly damaged.
You hit the molten gargoyle but do no damage.
Your punch misses the molten gargoyle.
The molten gargoyle is lightly damaged.
The molten gargoyle hits you with a +0 mace!
* * * LOW HITPOINT WARNING * * *
You are engulfed in flames.
You resist.
* * * LOW HITPOINT WARNING * * *
You see here a +0 mace.
You hit the molten gargoyle.
The molten gargoyle is lightly damaged.
You fail to use your ability.
The fire crab breathes flames at you.
The blast of flame engulfs the molten gargoyle but does no damage.
The molten gargoyle blasts magma at you!
The bolt of magma misses you.
You spin and attack the molten gargoyle repeatedly.
You hit the molten gargoyle but do no damage.
Your tail-slap misses the molten gargoyle.
You punch the molten gargoyle!
The molten gargoyle is heavily damaged.
You hit the molten gargoyle.
You tail-slap the molten gargoyle, but do no damage.
The molten gargoyle is heavily damaged.
You are engulfed in blazing flames.
You resist.
* * * LOW HITPOINT WARNING * * *
You feel less exhausted.
The molten gargoyle hits you with a +0 mace.
You die...

# ##### #. #####
####.... ###.##...##
####.......
#.8○○#○...###8......≈≈≈
#._.t9@○.†+........≈≈≈≈
#.8..#○○..###8.....≈≈≈§
###.##.○.## ###...≈≈§≈≈
#. ##### #...≈≈≈§≈ #
#...≈≈≈≈§≈ #...§≈≈≈≈≈≈
....≈§≈≈≈≈§≈
#....≈≈≈≈§≈≈≈
##...§§≈§§§≈§


You could see a fire crab and a molten gargoyle.

Vanquished Creatures
  A hydra (Lair:2)
  Harold (Lair:2)
  A centaur warrior (D:7)
  A catoblepas (Lair:3)
  A two-headed ogre (D:9)
  A boulder beetle (Lair:3)
  A lindwurm (Volcano)
  6 elephants
  9 cane toads
  A molten gargoyle (Volcano)
  3 black mambas
  A rime drake (Lair:4)
  5 komodo dragons
  A polar bear (Lair:1)
  2 trolls
  24 blink frogs
  Prince Ribbit (D:5)
  31 yaks
  A wraith (D:10)
  2 wyverns
  5 fire bats (Volcano)
  4 basilisks
  3 steam dragons
  4 vampire mosquitoes (D:10)
  Menkaure (D:5)
  2 nagas (Lair:3)
  11 water moccasins
  2 hell hounds (Volcano)
  An acid dragon (D:8)
  11 black bears
  An orc warrior (D:9)
  28 wolves
  5 centaurs
  An ogre (D:5)
  3 phantoms
  6 bullfrogs
  A gnoll sergeant (D:10)
  5 necrophages
  2 scorpions (D:6)
  A water moccasin zombie (D:6)
  19 wights
  10 killer bees (D:10)
  2 howler monkeys
  An electric eel (D:10)
  3 lava snakes (Volcano)
  A centaur zombie (D:6)
  2 bullfrog zombies (D:6)
  9 hounds
  A jelly (D:7)
  A human zombie (D:6)
  7 orc priests
  2 gnoll boudas
  3 iguanas
  Ijyb (D:5)
  7 orc wizards
  A killer bee zombie (D:6)
  2 howler monkey zombies (D:6)
  A mummy (D:6)
  4 adders
  14 gnolls
  2 shadow imps
  A white imp (D:7)
  A worm (D:3)
  29 orcs
  5 bats
  9 endoplasms
  4 giant cockroaches
  6 goblins
  7 hobgoblins
  8 jackals
  2 kobolds
  3 quokkas
  5 ball pythons
  2 frilled lizards
  5 rats
371 creatures vanquished.

Vanquished Creatures (others)
  14 fungi
  34 plants
48 creatures vanquished.

Grand Total: 419 creatures vanquished

Notes
Turn   | Place    | Note
-------+----------+-------------------------------------------
     0 | D:1      | Leeroy the Draconian Transmuter began the quest for the
                  | Orb.
     0 | D:1      | Reached XP level 1. HP: 16/16 MP: 3/3
   321 | D:1      | Reached XP level 2. HP: 16/23 MP: 5/5
  1019 | D:2      | Reached skill level 4 in Unarmed Combat
  1061 | D:2      | Reached XP level 3. HP: 18/28 MP: 4/6
  1072 | D:2      | Learned a level 3 spell: Spider Form
  2000 | D:3      | Found Agoigg's Magic Scroll Emporium.
  2018 | D:3      | Bought a scroll of fear for 40 gold pieces
  2018 | D:3      | Bought a scroll of fear for 40 gold pieces
  2018 | D:3      | Bought a scroll of identify for 20 gold pieces
  2101 | D:3      | Reached XP level 4. HP: 31/35 MP: 7/7
  2112 | D:3      | Reached skill level 5 in Unarmed Combat
  2260 | D:3      | Found Joib Ine's Magic Scroll Boutique.
  2281 | D:3      | Found Geowec's General Store.
  2331 | D:3      | Found Lunnetoo's General Store.
  2405 | D:3      | Found a faded altar of an unknown god.
  2704 | D:3      | Found Ocvadiol's Assorted Antiques.
  2714 | D:3      | Bought a potion of heal wounds for 115 gold pieces
  2822 | D:4      | Reached XP level 5. HP: 13/40 MP: 4/8
  2839 | D:4      | Reached skill level 6 in Unarmed Combat
  3180 | D:4      | Found a staircase to the Ecumenical Temple.
  3211 | Temple   | Entered the Ecumenical Temple
  3431 | Temple   | Became a worshipper of the Wu Jian Council
  3489 | D:4      | You fall into a shaft and drop 1 floor!
  3489 | D:5      | Entered Level 5 of the Dungeon
  3506 | D:5      | Reached XP level 6. HP: 32/47 MP: 7/9
  3591 | D:5      | Learned a level 4 spell: Ice Form
  3625 | D:5      | Reached skill level 7 in Unarmed Combat
  3762 | D:5      | Noticed heinrich's ghost (novice VSBr)
  3772 | D:5      | Noticed Ijyb
  3787 | D:5      | Killed Ijyb
  3933 | D:5      | Noticed Menkaure
  4047 | D:6      | Your scales start taking on a pale cyan-grey colour.
  4047 | D:6      | Reached XP level 7. HP: 52/52 MP: 5/10
  4047 | D:6      | Gained mutation: You are immune to the effects of steam.
                  | [Pale Draconian growth]
  4051 | D:6      | Reached skill level 8 in Unarmed Combat
  4508 | D:6      | Reached skill level 9 in Unarmed Combat
  4524 | D:6      | Reached XP level 8. HP: 18/59 MP: 8/11
  4524 | D:6      | HP: 3/70 [wight/+1 heavy falchion (15)]
  4949 | D:6      | Reached skill level 10 in Unarmed Combat
  5154 | D:6      | Reached * piety under Wu Jian
  5195 | D:6      | Found a basalt altar of Yredelemnul.
  5313 | D:6      | Reached skill level 11 in Unarmed Combat
  5477 | D:5      | Learned a level 2 spell: Wereblood
  5488 | D:5      | Noticed Prince Ribbit
  5649 | D:7      | Reached XP level 9. HP: 63/63 MP: 7/12
  5650 | D:7      | Reached skill level 5 in Transmutations
  6788 | D:5      | Found a runed translucent gate.
  6788 | D:5      | Found a runed translucent gate.
  6788 | D:5      | Found a runed translucent gate.
  6816 | D:5      | Killed Menkaure
  6875 | D:5      | Reached skill level 12 in Unarmed Combat
  6990 | D:5      | Killed Prince Ribbit
  7052 | D:5      | Found a white marble altar of Elyvilon.
  7056 | D:5      | Found a hazy altar of Hepliaklqana.
  7061 | D:5      | Found an opulent altar of Gozag.
  7603 | D:4      | Found a broken altar of Ashenzari.
  7629 | D:4      | Found a shimmering blue altar of Sif Muna.
  8032 | D:8      | Noticed a centaur warrior
  8050 | D:7      | Killed a centaur warrior
  8050 | D:7      | Reached ** piety under Wu Jian
  8280 | D:7      | Reached skill level 13 in Unarmed Combat
  8379 | D:8      | Reached XP level 10. HP: 71/71 MP: 9/13
  9276 | D:9      | Found a glowing golden altar of the Shining One.
  9523 | D:9      | Found a staircase to the Orcish Mines.
  9531 | D:9      | Found a burning altar of Makhleb.
  9778 | D:9      | Reached skill level 14 in Unarmed Combat
  9911 | D:9      | Noticed a two-headed ogre
 10176 | D:9      | Killed a two-headed ogre
 10389 | D:10     | Entered Level 10 of the Dungeon
 10571 | D:10     | Found an iron altar of Okawaru.
 10706 | D:10     | Found a staircase to the Lair.
 10796 | D:10     | Reached *** piety under Wu Jian
 11367 | D:10     | Reached skill level 10 in Transmutations
 11699 | D:10     | Reached XP level 11. HP: 77/77 MP: 9/14
 11903 | D:10     | Found a transporter.
 11903 | D:10     | Noticed Cis's ghost (novice MiBe)
 11904 | D:10     | Found a transporter.
 12048 | D:10     | Found a stormy altar of Qazlal.
 12257 | Lair:1   | Entered Level 1 of the Lair of Beasts
 12712 | Lair:1   | Reached skill level 5 in Dodging
 12822 | Lair:1   | Reached **** piety under Wu Jian
 13721 | Lair:2   | Noticed Harold
 13725 | Lair:2   | Killed Harold
 13882 | Lair:2   | Noticed a five-headed hydra
 13895 | Lair:2   | Killed a five-headed hydra
 13896 | Lair:2   | Reached XP level 12. HP: 14/83 MP: 11/15
 14220 | Lair:2   | Noticed Gastronok
 14369 | Lair:2   | Found a staircase to the Shoals.
 14577 | Lair:2   | Reached skill level 10 in Dodging
 15319 | Lair:3   | Noticed a boulder beetle
 15339 | Lair:3   | Killed a boulder beetle
 15682 | Lair:3   | Found a staircase to the Snake Pit.
 15793 | Lair:3   | Reached skill level 5 in Fighting
 16529 | Lair:3   | Noticed a catoblepas
 16546 | Lair:3   | Killed a catoblepas
 16624 | Lair:3   | Reached XP level 13. HP: 111/111 MP: 11/16
 17086 | Lair:3   | Reached ***** piety under Wu Jian
 17322 | Lair:4   | Reached skill level 10 in Fighting
 17752 | Lair:4   | Found a dark tunnel.
 17808 | Volcano  | Entered a volcano
 18053 | Volcano  | Learned a level 1 spell: Apportation
 18053 | Volcano  | Found a burning altar of Makhleb.
 18088 | Volcano  | HP: 5/117 [fire crab] (5)]
 18088 | Volcano  | Slain by a molten gargoyle

Illustrated notes

Levels and vault maps discovered:
D:1:      ncdulo_halloftheorcs, layout_loops_ring,
          chequers_serial_rivers_room_b, minmay_vboxes
D:2:      layout_loops_ring, serial_co_window_serial, co_window_paths_a,
          co_window_corner_a, co_window_of_opportunity_a, co_window_paths_a,
          co_window_paths_b, co_window_corner_b, co_window_cross_2,
          co_window_corner_b, co_window_paths_e, co_window_paths_d,
          glass_columns_a, glass_columns_a, glass_columns_a, glass_columns_a,
          glass_columns_a
D:3:      layout_loops_ring, serial_shops, shop, nicolae_square_shop,
          nicolae_shop_stone, nicolae_shop_advertising_works
          [nicolae_subvault_shop_adworks], nicolae_shop_behind_doors,
          shapermc_ecumenical_altar_venn
D:4:      layout_gridville, mainiacjoe_overflow_big_doors,
          minmay_temple_entry_stoned_glass
D:5:      layout_basic, grunt_temple_overflow_diamond, gammafunk_ghost_icy,
          dk_noncrumbling_2, uniq_prince_ribbit1, uniq_ijyb, uniq_menkaure
D:6:      layout_basic, lemuel_mausoleum_altar_yredelemnul
D:7:      layout_loops_corners
D:8:      layout_rooms
D:9:      layout_gridville, mainiacjoe_overflow_catwalk, tso_metal_star
D:10:     layout_basic, mainiacjoe_overflow_alcove_4,
          mainiacjoe_overflow_24_doors, erik_lair_island, gammafunk_ghost_arena
Temple:   nicolae_temple_bog_church
Lair:1:   layout_cave_pods, grunt_megastairs_3
Lair:2:   layout_roguey, minmay_shoals_entry_centaurs, beast_lair_carwin_7,
          infiniplex_staircase_pool, uniq_harold, uniq_gastronok
Lair:3:   layout_cave_pods, guppyfry_snake_entry_garden, beast_lair_carwin_8
Lair:4:   layout_roguey, minmay_slime_entry_oklob_enclosed,
          nicolae_volcano_entry_lava_flow, grunt_megastairs_4
Volcano:  volcano_grotto [vgs_original]

Skill      XL: |  1  2  3  4  5  6  7  8  9 10 11 12 13 |
---------------+----------------------------------------+-----
Unarmed Combat | 4 5 6 7 9 11 13 14 | 14.0
Transmutations | 3 4 6 10 | 10.3
Dodging        | 9 11 | 11.1
Fighting       | 9 11 | 11.7
Spellcasting   | |  2.0
Poison Magic   | |  0.3

Action                   |  1- 3 |  4- 6 |  7- 9 | 10-12 | 13-15 || total
-------------------------+-------+-------+-------+-------+-------++-------
Melee: Unarmed           |   148 |   142 |   261 |   654 |   206 ||  1411
       Tailslap          |     8 |    15 |    22 |     2 |    16 ||    63
       Punch             |     3 |     6 |    13 |     2 |    10 ||    34
       Kick              |     4 |    11 |    25 |       |       ||    40
       Headbutt          |     3 |     5 |    16 |       |       ||    24
 Cast: Beastly Appendage |     4 |     7 |    10 |       |       ||    21
       Spider Form       |       |     4 |     3 |       |       ||     7
       Ice Form          |       |     1 |     7 |    57 |     8 ||    73
Invok: Lunge             |       |     1 |    18 |    43 |     7 ||    69
       Whirlwind         |       |       |     2 |   138 |    74 ||   214
       Serpent's Lash    |       |       |       |     3 |     2 ||     5
 Abil: Breathe Steam     |       |       |     1 |       |     1 ||     2
       Wall Jump         |       |       |       |    33 |     3 ||    36
       End Transformatio |       |       |       |       |     1 ||     1
Evoke: Wand              |       |       |       |     5 |       ||     5
  Use: Scroll            |     4 |     1 |       |       |    11 ||    16
       Potion            |       |       |     5 |     4 |     1 ||    10
 Stab: Sleeping          |     1 |       |     2 |       |       ||     3
       Distracted        |     1 |       |     1 |       |       ||     2
Armor: Skin              |    33 |    25 |    80 |   125 |    45 ||   308
Dodge: Dodged            |    82 |    65 |   120 |   332 |   143 ||   742
       Repelled          |       |       |       |     1 |     1 ||     2

Table legend: (Time is in decaauts)
 A = Elapsed time spent in this place.
 B = Non-inter-level travel time spent in this place.
 C = Inter-level travel time spent in this place.
 D = Time resting spent in this place.
 E = Time spent auto-exploring this place.
 F = Levels seen in this place.
 G = Mean time per level.
                   A        B        C        D        E       F      G
               +--------+--------+--------+--------+--------+-----+--------+
         Total |  17981 |  17159 |    822 |   2960 |  11172 |  16 | 1123.8 |
       Dungeon |  12060 |  11426 |    634 |   1381 |   8273 |  10 | 1206.0 |
        Temple |    245 |    204 |     41 |      0 |    188 |   1 |  245.0 |
          Lair |   5407 |   5260 |    147 |   1452 |   2672 |   4 | 1351.8 |
       Volcano |    268 |    268 |      0 |    127 |     39 |   1 |  268.0 |
               +--------+--------+--------+--------+--------+-----+--------+

Top non-repeatable levels by time:
  Lair:3: 2304 daAuts
    D:10: 1735 daAuts
     D:7: 1498 daAuts
     D:9: 1458 daAuts
  Lair:1: 1416 daAuts
     D:5: 1413 daAuts
  Lair:2: 1382 daAuts
     D:6: 1382 daAuts
     D:2: 1048 daAuts
     D:4: 971 daAuts
     D:1: 920 daAuts
     D:8: 826 daAuts
     D:3: 806 daAuts
  Lair:4: 303 daAuts
 Volcano: 268 daAuts
